 Dungeon Crawl Stone Soup version 0.29-a0-338-g1ff7896281 (webtiles) character file.

Game seed: 6269469313505373015

442 spaghetti the Covert (level 7, -2/49 HPs)
             Began as an Octopode Delver on Apr 18, 2022.
             Slain by a two-headed ogre
             ... wielding a +0 giant spiked club
              (27 damage)
             ... on level 7 of the Dungeon.
             The game lasted 00:06:41 (4625 turns).

spaghetti the Covert (Octopode Delver)              Turns: 4625, Time: 00:06:42

Health: -2/49      AC:  1    Str: 12    XL:     7   Next: 2%
Magic:  16/16      EV: 18    Int: 12    God:
Gold:   328        SH:  5    Dex: 15    Spells: 5/6 levels left

rFire   . . .      SeeInvis .   w - +2 short sword (vamp) {short}
rCold   . . .      Faith    .   t - +2 buckler
rNeg    . . .      Spirit   .   (helmet restricted)
rPois   .          Reflect  .   (no amulet)
rElec   .          Harm     .   l - +4 ring of evasion
rCorr   +          Rampage  .   F - ring of magical power
Will    .....                   y - ring of resist corrosion
Stlth   +++++.....              (no ring)
HPRegen 0.16/turn               (no ring)
MPRegen 0.15/turn               (no ring)
                                (no ring)
                                (no ring)

@: studying Polearms
A: almost no armour, amphibious, 8 rings, camouflage 1, gelatinous body 1,
(nimble swimmer 1), tentacles
a: no special abilities


You were on level 7 of the Dungeon.
You visited 1 branch of the dungeon, and saw 6 of its levels.

You collected 328 gold pieces.


Innate Abilities, Weirdness & Mutations

You cannot wear most types of armour.
You are amphibious.
You can wear up to eight rings at the same time.
Your skin changes colour to match your surroundings (Stealth+).
Your rubbery body absorbs attacks. (AC +1, EV +1)
((You are camouflaged when in or above water. (Stealth+)))
You have tentacles for arms and can constrict up to eight enemies at once.


   Skills:
 + Level 4.7 Fighting
 - Level 2.0 Short Blades
 - Level 1.5 Throwing
 * Level 4.2 Dodging
 + Level 8.4 Stealth
 * Level 1.2 Conjurations
 + Level 0.7 Air Magic


You had 5 spell levels left.
You knew the following spells:

 Your Spells              Type           Power      Damage    Failure   Level
a - Shock                 Conj/Air       8%         1d3       30%         1

Your spell library contained the following spells:

 Spells                   Type           Power      Damage    Failure   Level
 Pain                     Necr           0%         1d4       41%         1
 Swiftness                Air            1%         N/A       69%         3
 Airstrike                Air            0%         N/A       97%         4
 Agony                    Necr           0%         N/A       100%        5
 Excruciating Wounds      Necr           0%         N/A       100%        5
 Iskenderun's Battlesphe  Conj           3%         2d6       100%        5
 Iron Shot                Conj/Erth      0%         9d1       100%        6
 Spellforged Servitor     Conj/Summ      0%         N/A       100%        7

Inventory:

Hand Weapons
 a - a +0 short sword {short}
 g - a +0 long sword of electrocution {long}
   (You found it on level 5 of the Dungeon)
 w - a +2 vampiric short sword (weapon) {short}
   (You took it off a kobold on level 1 of the Dungeon)
Missiles
 h - 148 stones (quivered) {throwing}
 s - 6 poisoned darts {throwing}
Armour
 t - a +2 buckler (worn)
   (You found it on level 2 of the Dungeon)
Magical Staves
 p - a staff of cold {!astaff}
   (You found it on level 3 of the Dungeon)
Jewellery
 l - a +4 ring of evasion (left tentacle)
   (You found it on level 4 of the Dungeon)
 y - a ring of resist corrosion (on tentacle)
   (You found it on level 1 of the Dungeon)
 F - a ring of magical power (right tentacle)
   (You found it on level 3 of the Dungeon)
Wands
 f - a wand of digging (3)
Scrolls
 b - 4 scrolls of fog
 c - a scroll of magic mapping {!r}
 d - a scroll of fear
 i - 2 scrolls of blinking {!r}
 j - 4 scrolls of teleportation {@r4}
 n - 2 scrolls of amnesia
 o - 2 scrolls of noise {!r}
 r - a scroll of enchant weapon
 x - 4 scrolls of identify {@r1}
 D - a scroll of vulnerability {unknown}
 G - a scroll of brand weapon {unknown}
Potions
 e - 3 potions of haste {@q3}
 k - a potion of resistance
 m - 2 potions of heal wounds {unknown}
 q - a potion of berserk rage {!q}
 u - 2 potions of curing {@q1}
 v - 2 potions of brilliance {unknown}
 z - a potion of lignification {unknown}
 A - 2 potions of attraction {unknown}
 B - a potion of invisibility {unknown}
 C - a potion of might {unknown}
 E - a potion of cancellation {unknown}

Dungeon Overview and Level Annotations

Branches:
Dungeon (5/15)
 Temple: D:4-7

Altars:
Kikubaaqudgha
The Shining One

Shops:
D:3 (

Annotations:
D:3 1 runed translucent door, greenreed's ghost, amateur GnAE
D:5 1 runed translucent door, Crazy Yiuf

..# .....#
#........ .
##..#....#.
##.........
#.....#..#
#........ ..
#......##....
#..........#
##.@.#..#...
#.O....h..
#..#..o.#..
#....o.o...
#.#....o.#.
#. ......o ##
##..... ####


You could see a two-headed ogre, a howler monkey (wandering), 2 orc priests and
3 orcs.


Message History

No target in view!
As you read the scroll of identify {@r1}, it crumbles to dust.
C - a scroll of acquirement You see here a manual of Polearms.
Something appears before you!
You pick up a manual of Polearms {!d} and begin studying.
You see here an adder corpse.
h - 144 stones {throwing} (gained 1)
h - 146 stones {throwing} (gained 2)
h - 148 stones {throwing} (gained 2)
You open the door.
An adder comes into view.
An adder is nearby!
An adder is nearby!
An adder is nearby!
You throw a stone {throwing}. The stone {throwing} hits the adder.
You throw a stone {throwing}.
The stone {throwing} closely misses the adder.
You throw a stone {throwing}. The stone {throwing} hits the adder.
You throw a stone {throwing}. The stone {throwing} hits the adder.
You throw a stone {throwing}. The stone {throwing} hits the adder.
The adder bites you.
You are too injured to fight recklessly!
You are too injured to fight recklessly! 😕 HP[-3]
You take 3 damage, and now have 41/44 hp.
You are too injured to fight recklessly!
You are too injured to fight recklessly!
You are too injured to fight recklessly!
You are too injured to fight recklessly!
You are too injured to fight recklessly!
You are too injured to fight recklessly!
You are too injured to fight recklessly!
You are too injured to fight recklessly!
You are too injured to fight recklessly!
You are too injured to fight recklessly!
You are too injured to fight recklessly!
You are too injured to fight recklessly!
You are too injured to fight recklessly!
You are too injured to fight recklessly!
You are too injured to fight recklessly!
You are too injured to fight recklessly!
You are too injured to fight recklessly!
You closely miss the adder. Your grab misses the adder.
You block the adder's attack.
You completely miss the adder. You grab the adder. You constrict the adder.
The adder misses you.
You hit the adder.
You kill the adder! 😕 HP[+1]
You see here an adder corpse.
h - 144 stones {throwing} (gained 1)
h - 145 stones {throwing} (gained 1)
Found a stone staircase leading down.
h - 146 stones {throwing} (gained 1) 😎 HP[+2]
Your hp is fully restored (44).
C - a ruby potion
h - 148 stones {throwing} (gained 2)
You open the door.
There is an open door here.
There is an open door here.
Key pressed, stopping explore.
You open the door.
You now have 328 gold pieces (gained 14).
You open the door.
There is an open door here.
A scorpion comes into view.
You throw a stone {throwing}.
The stone {throwing} hits the scorpion but does no damage.
You throw a stone {throwing}.
The stone {throwing} hits the scorpion but does no damage.
You puncture the scorpion! Your grab misses the scorpion.
You squeeze the scorpion! The scorpion misses you.
You hit the scorpion but do no damage. You grab the scorpion.
You constrict the scorpion, but do no damage.
The scorpion closely misses you.
You hit the scorpion but do no damage. You squeeze the scorpion.
You kill the scorpion!
Your Conjurations skill increases to level 1!
You have reached level 7! 😎 HP[+5] MP[+1]
You now have 49 max hp (+5).
Your hp is fully restored (49).
Your mp is fully restored (16).
G - a scroll labelled PAFIGU UDDIZ
h - 147 stones {throwing} (gained 1)
h - 148 stones {throwing} (gained 1) Key pressed, stopping explore.
A sourceless malevolence fills the Dungeon...
You fall into a shaft and drop 2 floors!
The shaft crumbles and collapses.
A two-headed ogre, an orc, an orc priest and a howler monkey come into view.
Unknown command.
An orc priest and an orc come into view.
The orc priest is wielding a +0 vorpal war axe.
The orc priest shouts! x2; The two-headed ogre shouts in stereo!
An orc comes into view. It is wielding a +0 mace.
The two-headed ogre hits you with a +0 giant spiked club!!
The two-headed ogre hits you with a +0 giant club!!
Ouch! That really hurt!
You die...

Skill      XL: |  1  2  3  4  5  6 |
---------------+-------------------+-----
Dodging        | 3 4 |  4.2
Stealth        | 7 8 |  8.4
Fighting       | 4 |  4.7
Throwing       | 1 |  1.5
Conjurations   | 1 |  1.2
Short Blades   | |  2.0
Air Magic      | |  0.7

Action                   |  1- 3 |  4- 6 |  7- 9 || total
-------------------------+-------+-------+-------++-------
Melee: Long sword        |     2 |    82 |       ||    84
       Tentacles         |     1 |    22 |       ||    23
       Constrict         |       |    26 |       ||    26
       Punch             |       |     3 |       ||     3
       Short sword       |       |    39 |       ||    39
Throw: Stone             |       |   132 |       ||   132
  Use: Scroll            |       |    10 |       ||    10
 Stab: Sleeping          |     1 |    16 |       ||    17
Armor: Skin              |       |     2 |       ||     2
Dodge: Dodged            |     1 |    62 |       ||    63
Block: Buckler           |       |    12 |       ||    12

Levels and vault maps discovered:
D:1:      lightli_arrival_statuegarden, layout_basic,
          shapermc_ecumenical_altar_venn, amcnicky_mini_pool_small
D:2:      layout_loops_corners, basic_altar, minmay_pentomino_pile
D:3:      layout_basic, gammafunk_ghost_grave, serial_shops, shop
D:4:      layout_loops_corners, mainiacjoe_overflow_cross_hatched
D:5:      layout_basic, uniq_pikel, uniq_crazy_yiuf_cottage
D:7:      layout_rooms, minmay_misc_feat_more_columns, uniq_maggie

Notes
Turn   | Place    | Note
-------+----------+-------------------------------------------
     0 | D:5      | spaghetti the Octopode Delver began the quest for the Orb.
     0 | D:5      | Reached XP level 1. HP: 16/16 MP: 1/1
     0 | D:5      | magus.rc [v1.9.6]
    15 | D:4      | Noticed a black bear
    15 | D:4      | Found an ancient bone altar of Kikubaaqudgha.
    23 | D:4      | Killed a black bear
    24 | D:4      | Reached skill level 3 in Dodging
    24 | D:4      | Reached skill level 7 in Stealth
    24 | D:4      | Reached XP level 2. HP: 8/22 MP: 2/2
    24 | D:4      | Reached XP level 3. HP: 10/27 MP: 3/3
    24 | D:4      | Reached XP level 4. HP: 12/33 MP: 4/4
   351 | D:5      | Noticed a necrophage
   379 | D:4      | Noticed a necrophage
   387 | D:4      | Killed a necrophage
   388 | D:4      | Reached skill level 4 in Fighting
   388 | D:4      | Reached XP level 5. HP: 33/37 MP: 5/5
   584 | D:4      | Reached skill level 8 in Stealth
   642 | D:4      | Reached skill level 1 in Throwing
   642 | D:4      | Reached XP level 6. HP: 44/44 MP: 6/6
   733 | D:4      | You pick up a book of Power and begin reading...
   733 | D:4      | You add the spells Iskenderun's Battlesphere, Iron Shot and
                  | Spellforged Servitor to your library.
  1280 | D:3      | Found Waofeyg's Antique Weapon Shoppe.
  1521 | D:2      | Found a glowing golden altar of the Shining One.
  2140 | D:2      | You pick up a book of Air and begin reading...
  2140 | D:2      | You add the spells Shock, Swiftness and Airstrike to your
                  | library.
  2291 | D:2      | Learned a level 1 spell: Shock
  2348 | D:1      | Reached skill level 4 in Dodging
  3155 | D:1      | Found a faded altar of an unknown god.
  3260 | D:1      | You pick up a book of Pain and begin reading...
  3260 | D:1      | You add the spells Pain, Agony and Excruciating Wounds to
                  | your library.
  4085 | D:3      | Found a runed translucent door.
  4085 | D:3      | Noticed greenreed's ghost (amateur GnAE)
  4435 | D:5      | Identified a scroll of acquirement
  4436 | D:5      | Acquired a manual of Polearms
  4520 | D:5      | Found a runed translucent door.
  4521 | D:5      | Noticed Crazy Yiuf
  4584 | D:5      | Reached skill level 1 in Conjurations
  4584 | D:5      | Reached XP level 7. HP: 49/49 MP: 7/7
  4624 | D:5      | You fall into a shaft and drop 2 floors!
  4624 | D:7      | Noticed a two-headed ogre
  4625 | D:7      | Slain by a two-headed ogre

Vanquished Creatures
  A black bear (D:4)
  A scorpion (D:5)
  A necrophage (D:4)
  A hound (D:4)
  An iguana (D:4)
  An orc wizard (D:4)
  4 gnolls
  3 adders
  2 worms (D:2)
  2 dart slugs
  6 orcs
  4 bats
  11 endoplasms
  6 giant cockroaches
  3 goblins (D:1)
  5 hobgoblins
  9 kobolds
  5 quokkas
  7 ball pythons
  3 frilled lizards
  8 rats
84 creatures vanquished.

Vanquished Creatures (others)
  2 withered plants (D:3)
2 creatures vanquished.

Grand Total: 86 creatures vanquished

Table legend:
 A = Non-vault XP
 B = Vault XP
 C = Vault XP percentage of total XP
 D = Non-vault monster count
 E = Vault monster count
 F = Vault count percentage of total count
                 A         B        C        D         E       F
            +---------+---------+-------+---------+---------+-------
      Total |     614 |      18 |   2.8 |      80 |       4 |   4.8
            +---------+---------+-------+---------+---------+-------
        D:1 |      40 |       0 |   0.0 |      23 |       0 |   0.0
        D:2 |      35 |      18 |  34.0 |      16 |       4 |  20.0
        D:3 |      33 |       0 |   0.0 |      18 |       0 |   0.0
        D:4 |     397 |       0 |   0.0 |      20 |       0 |   0.0
        D:5 |     109 |       0 |   0.0 |       3 |       0 |   0.0
            +---------+---------+-------+---------+---------+-------

Illustrated notes

Table legend:
 A = Kills in this place as a percentage of kills in entire the game.
 B = Kills by you in this place as a percentage of kills by you in the entire game.
 C = Kills by friends in this place as a percentage of kills by friends in the entire game.
 D = Other kills in this place as a percentage of other kills in the entire game.
 E = Experience gained in this place as a percentage of experience gained in the entire game.
 F = Experience gained in this place divided by the number of levels of this place that you have seen.
                   A       B       C       D       E      F
               +-------+-------+-------+-------+-------+----------------------
         Total | 100.0 | 100.0 |   N/A |   N/A | 100.0 | 105.3
       Dungeon | 100.0 | 100.0 |   N/A |   N/A | 100.0 | 105.3
               +-------+-------+-------+-------+-------+----------------------

Table legend: (Time is in decaauts)
 A = Elapsed time spent in this place.
 B = Non-inter-level travel time spent in this place.
 C = Inter-level travel time spent in this place.
 D = Time resting spent in this place.
 E = Time spent auto-exploring this place.
 F = Levels seen in this place.
 G = Mean time per level.
                   A        B        C        D        E       F      G
               +--------+--------+--------+--------+--------+-----+--------+
         Total |   4667 |   4481 |    186 |    216 |   3614 |   6 |  777.8 |
       Dungeon |   4667 |   4481 |    186 |    216 |   3614 |   6 |  777.8 |
               +--------+--------+--------+--------+--------+-----+--------+

Top non-repeatable levels by time:
     D:1: 1279 daAuts
     D:4: 1253 daAuts
     D:2: 983 daAuts
     D:3: 800 daAuts
     D:5: 348 daAuts
     D:7: 0 daAuts
